 Dungeon Crawl Stone Soup version 0.31-a0-237-g2d982f9f85 (webtiles) character file.

Game seed: 17577527805079083152

6675 qw the Skirmisher (level 11, -12/68 HPs)
             Began as a Gargoyle Hexslinger on July 10, 2023.
             Was a Believer of Okawaru.
             Mangled by a death yak (16 damage)
             ... on level 1 of the Lair of Beasts.
             The game lasted 00:04:07 (9158 turns).

qw the Skirmisher (Gargoyle Hexslinger)             Turns: 9158, Time: 00:04:08

Health: -12/68     AC: 18    Str: 13    XL:     11   Next: 3%
Magic:  13/14      EV: 16    Int: 13    God:    Okawaru [**....]
Gold:   384        SH:  5    Dex: 16    Spells: 11/12 levels left

rFire   + . .        Y - +0 orcbow
rCold   + . .        (shield currently unavailable)
rNeg    + + .        p - +3 leather armour {rN+}
rPois   inf          r - +2 helmet
rElec   +            b - scarf {rC+ rF+}
rCorr   .            (no gloves)
SInv    .            (no boots)
Will    +....        n - amulet of reflection
Stlth   +++          c - ring of willpower
HPRegen 0.31/turn    (no ring)
MPRegen 0.14/turn

%: reflection
@: heroic
A: sickness immunity, AC +8, negative energy resistance 1, electricity
resistance, torment resistance 1, petrification resistance, wild magic 2
a: Renounce Religion, Heroism


You were on level 1 of the Lair of Beasts.
You worshipped Okawaru.
Okawaru was pleased with you.
You visited 3 branches of the dungeon, and saw 11 of its levels.

You collected 384 gold pieces.


Innate Abilities, Weirdness & Mutations

You are immune to sickness and miasma.
Your stone body is resilient. (AC +8)
You are immune to poison.
You resist negative energy. (rN+)
You are resistant to electric shocks. (rElec)
You are resistant to unholy torment.
You are immune to petrification.
Your spells are harder to cast, but more powerful.


   Skills:
 + Level 8.0(13.0) Fighting
 - Level 13.4(18.4) Ranged Weapons
 - Level 3.3(8.3) Armour
 - Level 3.1(8.1) Dodging
 - Level 1.0 Spellcasting
 - Level 2.6 Hexes
 - Level 4.1 Invocations


You had 11 spell levels left.
You knew the following spells:

 Your Spells              Type           Power      Damage    Failure   Level
a - Slow                  Hex            48%        N/A       24%         1

Your spell library contained the following spells:

 Spells                   Type           Power      Damage    Failure   Level
 Inner Flame              Hex/Fire       6%         N/A       69%         3
 Portal Projectile        Hex/Tloc       12%        N/A       69%         3
 Cause Fear               Hex            6%         N/A       87%         4

Inventory:

Hand Weapons
 Y - a +0 orcbow (weapon)
Armour
 b - a scarf of resistance (worn)
 e - a +1 cloak of stealth
 k - a +1 robe of resistance
 p - a +3 leather armour of positive energy (worn)
 r - a +2 helmet (worn)
Jewellery
 c - a ring of willpower (left hand)
 f - a ring of fire
 n - an amulet of reflection (around neck)
Scrolls
 h - 5 scrolls of teleportation
 l - 2 scrolls of identify
Potions
 a - 3 potions of might
 d - a potion of heal wounds
 i - a potion of haste
 m - 2 potions of curing
 q - 2 potions of mutation

Dungeon Overview and Level Annotations

Branches:
Dungeon (9/15)             Temple (1/1) D:5            Lair (1/5) D:9
    Orc: D:9-12

Altars:
Ashenzari
Cheibriados
Dithmenos
Elyvilon
Fedhas
Gozag
Hepliaklqana
Kikubaaqudgha
Nemelex Xobeh
Okawaru
Sif Muna
Trog
Uskayaw
Wu Jian
Xom
Yredelemnul
Zin
The Shining One

Shops:
D:3 =

Annotations:
D:3 2 runed translucent doors


Message History

The death yak is moderately wounded.
A death yak comes into view.
You shoot an arrow. The arrow barely misses the death yak.
The death yak bellows!
The arrow hits the death yak.
The death yak is lightly wounded.
You hear an angry hiss.
You shoot an arrow. The arrow barely misses the death yak.
The arrow hits the death yak but does no damage.
The death yak is lightly wounded.
You shoot an arrow.
The arrow hits the death yak but does no damage.
The death yak is moderately wounded.
A komodo dragon comes into view.
You shoot an arrow. The arrow hits the death yak!
The death yak is moderately wounded.
The death yak gores you!
You shoot an arrow. The arrow hits the death yak.
The death yak is moderately wounded.
The death yak barely misses you.
You shoot an arrow. The arrow barely misses the death yak.
The arrow hits the death yak.
The death yak is lightly wounded.
The death yak gores you!
You shoot an arrow.
The arrow barely misses the death yak. x2
The arrow hits the komodo dragon.
The komodo dragon is lightly wounded.
You shoot an arrow.
The arrow hits the death yak but does no damage.
The death yak is moderately wounded.
The death yak gores you!!
You shoot an arrow. The arrow barely misses the death yak.
The death yak gores you! The death yak misses you. The death yak gores you.
You shoot an arrow.
The arrow hits the death yak but does no damage.
The death yak is moderately wounded.
The komodo dragon hisses menacingly.
The death yak gores you! The death yak closely misses you.
The death yak gores you!
You die...

..............#
..............<#
...............#
..............##
.............##
............##
.....l.....##
......YY..##
......Y@.##
#.......##
##.......
#...##..# #..#
#... ### ##...
... ....


You could see 3 death yaks and a komodo dragon.

Vanquished Creatures
  A death yak (Lair:1)
  Maggie (D:7)
  2 komodo dragons (D:9)
  Grinder (D:5)
  A shadow (D:9)
  A vampire (D:9)
  4 wyverns
  A basilisk (D:9)
  Menkaure (D:7)
  A swamp drake (D:9)
  2 water moccasins
  An orc warrior (D:6)
  2 black bears (D:6)
  2 ice beasts
  3 ogres
  2 centaurs
  3 kobold brigands
  4 phantoms
  5 bullfrogs
  4 scorpions
  8 wights
  4 killer bees (D:7)
  A howler monkey (D:4)
  3 gnoll boudas
  2 jellies
  6 hounds
  5 orc priests
  2 sleepcaps
  5 orc wizards
  Natasha (thrice) (D:2)
  An iguana (D:6)
  A mummy (D:6)
  12 gnolls
  9 adders
  3 shadow imps
  4 white imps
  2 worms (D:3)
  A dart slug (D:5)
  33 orcs
  4 ball pythons
  11 endoplasms
  5 giant cockroaches
  5 hobgoblins
  7 quokkas
  6 bats
  3 frilled lizards (D:1)
  6 goblins
  8 kobolds
  7 rats
209 creatures vanquished.

Notes
Turn   | Place    | Note
-------+----------+-------------------------------------------
     0 | D:1      | qw the Gargoyle Hexslinger began the quest for the Orb.
     0 | D:1      | Reached XP level 1. HP: 12/12 MP: 2/2
     0 | D:1      | 0 ||| qw: Version: 0.3-a-52-g30416fa
     0 | D:1      | 0 ||| qw: Game counter: 5314
     0 | D:1      | 0 ||| qw: Melee chars always use a shield: true
     0 | D:1      | 0 ||| qw: God list: Okawaru
     0 | D:1      | 0 ||| qw: Allow faded altars: false
     0 | D:1      | 0 ||| qw: Do Orc after clearing Dungeon:15 true
     0 | D:1      | 0 ||| qw: Do second Lair branch before Depths: true
     0 | D:1      | 0 ||| qw: Lair rune preference: random
     0 | D:1      | 0 ||| qw: Goals: Normal
     0 | D:1      | 0 ||| PLANNING D:1-11
    63 | D:1      | Reached XP level 2. HP: 16/16 MP: 3/3
    74 | D:1      | 74 ||| READING scroll labelled QEHUKO BOMM.
   124 | D:1      | Reached skill level 3 in Ranged Weapons
   541 | D:1      | 541 ||| UPGRADING to +0 helmet.
   546 | D:1      | 546 ||| UPGRADING to +0 ring mail.
   556 | D:1      | 556 ||| DROPPING +0 robe.
   557 | D:1      | 557 ||| READING scroll labelled YMEYWIZ RIANICVO.
   558 | D:1      | 558 ||| READING scroll labelled JIPNORPH SUWK.
   559 | D:1      | 559 ||| READING scroll labelled VEQULU TASU.
   560 | D:1      | 560 ||| READING scroll labelled KEPTOSOPIF.
   561 | D:1      | 561 ||| READING 3 scrolls labelled TECOSA GUUGIPT.
   565 | D:1      | 565 ||| DROPPING scroll of poison.
   590 | D:2      | Found a shimmering altar of Xom.
   735 | D:2      | Noticed Natasha
   741 | D:2      | Killed Natasha
   742 | D:2      | Reached XP level 3. HP: 16/22 MP: 4/4
   816 | D:2      | Reached skill level 1 in Armour
   846 | D:2      | Reached XP level 4. HP: 27/27 MP: 5/5
  1156 | D:2      | Noticed Natasha
  1168 | D:2      | Killed Natasha
  1175 | D:2      | Noticed Natasha
  1181 | D:2      | Killed Natasha
  1182 | D:2      | Reached skill level 4 in Ranged Weapons
  1182 | D:2      | Reached XP level 5. HP: 16/32 MP: 6/6
  1473 | D:2      | 1473 ||| UPGRADING to scarf of resistance.
  1478 | D:2      | 1478 ||| READING scroll labelled GUK UTHROFOUFF.
  1479 | D:2      | 1479 ||| READING scroll labelled PEGEMP TI HAMO.
  1480 | D:2      | 1480 ||| READING scroll labelled AJYODU NOCEGAE.
  1800 | D:3      | Found a large runed translucent door.
  1800 | D:3      | Found a large runed translucent door.
  1988 | D:3      | Found a faded altar of an unknown god.
  2205 | D:3      | Reached skill level 5 in Ranged Weapons
  2205 | D:3      | Reached XP level 6. HP: 17/36 MP: 7/7
  2390 | D:3      | Reached skill level 3 in Fighting
  2437 | D:3      | Found Fumma's Jewellery Emporium.
  2450 | D:3      | 2450 ||| SHOPLISTING amulet of Greater Demons {Regen+ Int+3
                  | Dex+3} (644 gold, have 46).
  2450 | D:3      | 2450 ||| SHOPLISTING ring of Surprise {rC+ MP+9 Int-2
                  | Dex+5} (523 gold, have 46).
  2450 | D:3      | 2450 ||| SHOPLISTING ring of fire (325 gold, have 46).
  2742 | D:3      | 2742 ||| UPGRADING to amulet of the acrobat.
  2747 | D:3      | 2747 ||| UPGRADING to ring of willpower.
  2748 | D:3      | 2748 ||| READING scroll labelled HOTWISEUNLE.
  2749 | D:3      | 2749 ||| DRINKING 2 inky potions.
  2749 | D:3      | Gained mutation: You sometimes lose your temper in combat.
                  | [potion of mutation]
  2750 | D:3      | 2750 ||| DRINKING potion of mutation.
  2750 | D:3      | Lost mutation: You sometimes lose your temper in combat.
                  | [potion of mutation]
  2750 | D:3      | Gained mutation: You have hidden genetic potential. [potion
                  | of mutation]
  2751 | D:3      | 2751 ||| DRINKING 2 grey potions.
  2789 | D:4      | Reached skill level 6 in Ranged Weapons
  2789 | D:4      | 2789 ||| FLEEEEING.
  2793 | D:4      | 2793 ||| STAIRDANCE
  2903 | D:4      | 2903 ||| STAIRDANCE
  3061 | D:4      | Reached XP level 7. HP: 44/44 MP: 8/8
  3067 | D:4      | 3067 ||| Stepping ~*~*~tactically~*~*~ (outnumbered).
  3068 | D:4      | Gained mutation: Your spells are a little harder to cast,
                  | but a little more powerful. [hidden potential]
  3471 | D:4      | Reached skill level 7 in Ranged Weapons
  3820 | D:4      | 3820 ||| UPGRADING to amulet of reflection.
  3830 | D:4      | 3830 ||| DROPPING amulet of the acrobat.
  3831 | D:4      | 3831 ||| READING scroll labelled QOOQIDU BEBOE.
  3832 | D:4      | 3832 ||| DRINKING 2 emerald potions.
  3876 | D:4      | 3876 ||| READING 2 scrolls of identify.
  3876 | D:4      | 3876 ||| IDENTIFYING smoky amethyst potion
  3877 | D:4      | 3877 ||| DROPPING potion of lignification.
  3891 | D:5      | Entered Level 5 of the Dungeon
  3900 | D:5      | Found a staircase to the Ecumenical Temple.
  3901 | D:5      | 3901 ||| PLANNING TEMPLE
  3938 | Temple   | Entered the Ecumenical Temple
  3939 | Temple   | 3939 ||| PLANNING OKAWARU WORSHIP
  4075 | Temple   | Became a worshipper of Warmaster Okawaru
  4076 | Temple   | 4076 ||| PLANNING D:1-11
  4215 | D:5      | Reached XP level 8. HP: 46/48 MP: 9/9
  4388 | D:5      | Reached skill level 8 in Ranged Weapons
  4403 | D:5      | Gained mutation: Your spells are harder to cast, but more
                  | powerful. [hidden potential]
  4403 | D:5      | Lost mutation: You have hidden genetic potential. [hidden
                  | potential expressed]
  4478 | D:5      | 4478 ||| READING scroll of enchant weapon.
  4478 | D:5      | 4478 ||| ENCHANTING +2 sling.
  4587 | D:5      | Reached * piety under Okawaru
  4725 | D:5      | Noticed Grinder
  4726 | D:5      | 4726 ||| INVOKING Heroism.
  4735 | D:5      | Killed Grinder
  4784 | D:5      | Reached skill level 9 in Ranged Weapons
  4784 | D:5      | Reached skill level 1 in Invocations
  5083 | D:5      | 5083 ||| READING scroll labelled PESEZ BIACWADGH.
  5084 | D:5      | 5084 ||| READING 2 scrolls labelled LARGHI RUIRPH.
  5085 | D:5      | 5085 ||| DROPPING scroll of amnesia.
  5112 | D:6      | 5112 ||| PLANNING OSSUARY
  5178 | D:6      | 5178 ||| INVOKING Heroism.
  5261 | D:6      | 5261 ||| INVOKING Heroism.
  5267 | D:6      | Reached XP level 9. HP: 19/55 MP: 7/11
  5400 | D:6      | Reached skill level 6 in Fighting
  5400 | D:6      | Reached skill level 3 in Invocations
  5461 | D:6      | 5461 ||| INVOKING Heroism.
  5597 | D:6      | 5597 ||| INVOKING Heroism.
  5627 | D:6      | 5627 ||| INVOKING Heroism.
  5775 | D:6      | 5775 ||| RIP OSSUARY
  5846 | D:6      | 5846 ||| PLANNING D:1-11
  5939 | D:6      | 5939 ||| INVOKING Heroism.
  6009 | D:6      | 6009 ||| DROPPING ring of flight.
  6025 | D:7      | 6025 ||| INVOKING Heroism.
  6035 | D:7      | 6035 ||| STAIRDANCE
  6081 | D:7      | Reached skill level 10 in Ranged Weapons
  6118 | D:7      | Noticed Menkaure
  6119 | D:7      | 6119 ||| INVOKING Heroism.
  6129 | D:7      | Killed Menkaure
  6253 | D:7      | Found an opulent altar of Gozag.
  6356 | D:7      | Found a shimmering blue altar of Sif Muna.
  6368 | D:7      | 6368 ||| FLEEEEING.
  6370 | D:7      | 6370 ||| FLEEEEING.
  6430 | D:7      | 6430 ||| Stepping ~*~*~tactically~*~*~ (outnumbered).
  6432 | D:7      | 6432 ||| Stepping ~*~*~tactically~*~*~ (outnumbered).
  6438 | D:7      | 6438 ||| INVOKING Heroism.
  6449 | D:7      | 6449 ||| FLEEEEING.
  6450 | D:7      | 6450 ||| FLEEEEING.
  6451 | D:7      | 6451 ||| FLEEEEING.
  6452 | D:7      | 6452 ||| FLEEEEING.
  6453 | D:7      | 6453 ||| FLEEEEING.
  6454 | D:7      | 6454 ||| FLEEEEING.
  6455 | D:7      | 6455 ||| FLEEEEING.
  6456 | D:7      | 6456 ||| FLEEEEING.
  6457 | D:7      | 6457 ||| FLEEEEING.
  6458 | D:7      | 6458 ||| FLEEEEING.
  6459 | D:7      | 6459 ||| FLEEEEING.
  6460 | D:7      | 6460 ||| FLEEEEING.
  6461 | D:7      | 6461 ||| FLEEEEING.
  6462 | D:7      | 6462 ||| FLEEEEING.
  6463 | D:7      | 6463 ||| FLEEEEING.
  6464 | D:7      | 6464 ||| STAIRDANCE
  6488 | D:6      | 6488 ||| READING 2 scrolls of identify.
  6488 | D:6      | 6488 ||| IDENTIFYING bubbling blue potion
  6506 | D:7      | Noticed Maggie
  6521 | D:7      | 6521 ||| INVOKING Heroism.
  6527 | D:7      | Killed Maggie
  6528 | D:7      | Reached skill level 11 in Ranged Weapons
  6528 | D:7      | Reached XP level 10. HP: 35/63 MP: 11/13
  6815 | D:7      | 6815 ||| UPGRADING to +0 acid dragon scales.
  6825 | D:7      | 6825 ||| DROPPING +0 ring mail.
  6946 | D:8      | 6946 ||| INVOKING Heroism.
  7044 | D:8      | 7044 ||| FLEEEEING.
  7045 | D:8      | 7045 ||| FLEEEEING.
  7046 | D:8      | 7046 ||| FLEEEEING.
  7047 | D:8      | 7047 ||| FLEEEEING.
  7048 | D:8      | 7048 ||| FLEEEEING.
  7049 | D:8      | 7049 ||| FLEEEEING.
  7052 | D:8      | 7052 ||| FLEEEEING.
  7053 | D:8      | 7053 ||| FLEEEEING.
  7054 | D:8      | 7054 ||| FLEEEEING.
  7055 | D:8      | 7055 ||| FLEEEEING.
  7056 | D:8      | 7056 ||| FLEEEEING.
  7057 | D:8      | 7057 ||| FLEEEEING.
  7059 | D:8      | 7059 ||| FLEEEEING.
  7060 | D:8      | 7060 ||| FLEEEEING.
  7061 | D:8      | 7061 ||| FLEEEEING.
  7062 | D:8      | 7062 ||| FLEEEEING.
  7068 | D:8      | 7068 ||| STAIRDANCE
  7070 | D:7      | 7070 ||| DRINKING 2 ruby potions.
  7071 | D:7      | 7071 ||| DROPPING potion of attraction.
  7076 | D:8      | Reached skill level 3 in Armour
  7080 | D:8      | 7080 ||| INVOKING Heroism.
  7093 | D:8      | 7093 ||| STAIRDANCE
  7116 | D:8      | 7116 ||| STAIRDANCE
  7121 | D:7      | Reached skill level 3 in Dodging
  7204 | D:8      | 7204 ||| Stepping ~*~*~tactically~*~*~ (outnumbered).
  7354 | D:8      | 7354 ||| INVOKING Heroism.
  7475 | D:8      | 7475 ||| SWAPPING to +0 orcbow.
  7476 | D:8      | 7476 ||| DROPPING +3 heavy sling.
  7532 | D:8      | Found a hide-covered altar of Uskayaw.
  7556 | D:8      | 7556 ||| UPGRADING to +3 leather armour of positive energy.
  7566 | D:8      | 7566 ||| DROPPING +0 acid dragon scales.
  7567 | D:8      | 7567 ||| READING scroll labelled QEEKLU YTH.
  7567 | D:8      | Identified a scroll of acquirement
  7567 | D:8      | 7567 ||| ACQUIRING +1 cloak of stealth
  7567 | D:8      | Acquired a +1 cloak of stealth
  7569 | D:8      | 7569 ||| READING 2 scrolls of identify.
  7569 | D:8      | 7569 ||| IDENTIFYING black potion
  7570 | D:8      | 7570 ||| DROPPING potion of ambrosia.
  7670 | D:9      | HP: 13/64 [something (11)]
  7850 | D:9      | 7850 ||| Stepping ~*~*~tactically~*~*~ (outnumbered).
  7854 | D:9      | 7854 ||| INVOKING Heroism.
  8014 | D:9      | 8014 ||| INVOKING Heroism.
  8028 | D:9      | Reached skill level 12 in Ranged Weapons
  8033 | D:9      | Reached ** piety under Okawaru
  8183 | D:9      | Found a staircase to the Lair.
  8185 | D:9      | 8185 ||| INVOKING Heroism.
  8400 | D:9      | 8400 ||| INVOKING Heroism.
  8689 | D:9      | Found a hazy altar of Hepliaklqana.
  8803 | D:9      | 8803 ||| PLANNING LAIR
  8803 | D:9      | 8803 ||| UPGRADING to +2 helmet.
  8813 | D:9      | 8813 ||| DROPPING +0 helmet.
  8814 | D:9      | 8814 ||| READING scroll labelled ORIACR LUUMIA.
  8915 | D:9      | 8915 ||| DRINKING 3 fuming yellow potions.
  8916 | D:9      | 8916 ||| READING 3 scrolls of identify.
  8916 | D:9      | 8916 ||| IDENTIFYING bubbling amethyst potion
  8917 | D:9      | 8917 ||| DROPPING potion of brilliance.
  9016 | Lair:1   | Entered Level 1 of the Lair of Beasts
  9027 | Lair:1   | Noticed a death yak
  9028 | Lair:1   | 9028 ||| INVOKING Heroism.
  9046 | Lair:1   | 9046 ||| INVOKING Heroism.
  9050 | Lair:1   | Killed a death yak
  9051 | Lair:1   | Reached skill level 13 in Ranged Weapons
  9051 | Lair:1   | Reached XP level 11. HP: 40/68 MP: 11/14
  9141 | Lair:1   | Noticed a death yak
  9142 | Lair:1   | 9142 ||| INVOKING Heroism.
  9145 | Lair:1   | Noticed a death yak
  9148 | Lair:1   | Noticed a death yak
  9158 | Lair:1   | HP: 4/68 [death yak (15)]
  9158 | Lair:1   | Mangled by a death yak

Levels and vault maps discovered:
D:1:      matt_arrival_diagonals, layout_rooms, grunt_decor_junction,
          nicolae_kite_square_tiling_tiny, minmay_curled_crystal,
          minmay_door_square
D:2:      layout_basic, basic_altar, uniq_natasha
D:3:      layout_basic, jmf_multi_god_temple2, serial_shops, shop,
          hellmonk_ecumenical_altar_slurped_away
D:4:      layout_basic, kennysheep_path_1
D:5:      layout_gridville, minmay_temple_entry_proselytizer, uniq_grinder
D:6:      layout_basic, gup_ossuary_entry_pyramid
D:7:      layout_cave_pools, mainiacjoe_overflow_alcove_2, led_sif_book,
          uniq_maggie, uniq_menkaure
D:8:      layout_rooms, nicolae_uskayaw_dance_hall
D:9:      layout_basic, mainiacjoe_overflow_small_starburst, erik_lair_dragon
Temple:   eino_narrow_crystal_temple
Lair:1:   layout_cave_pods, basic_altar

Skill      XL: |  1  2  3  4  5  6  7  8  9 10 |
---------------+-------------------------------+-----
Ranged Weapons | 3 4 5 6 7 9 11 13 | 13.4
Fighting       | 2 4 5 7 8 |  8.0
Armour         | 1 2 3 |  3.3
Invocations    | 2 4 |  4.1
Dodging        | 2 3 |  3.1
Spellcasting   | |  1.0
Hexes          | |  2.6

Action                     |  1- 3 |  4- 6 |  7- 9 | 10-12 || total
---------------------------+-------+-------+-------+-------++-------
   Fire: Sling             |    90 |   184 |   452 |    97 ||   823
         Orcbow            |       |       |       |   148 ||   148
 Invoke: Heroism           |       |       |    11 |    10 ||    21
    Use: Scroll            |     6 |     4 |     6 |     4 ||    20
         Potion            |       |     3 |     1 |     2 ||     6
 Armour: Robe              |     7 |       |       |       ||     7
         Ring mail         |    13 |    64 |   132 |       ||   209
         Leather armour    |       |       |       |    23 ||    23
         Acid dragon scale |       |       |       |    22 ||    22
  Dodge: Dodged            |    36 |    66 |   119 |    92 ||   313
  Block: Other             |       |       |    47 |    32 ||    79
         Reflection        |       |       |     1 |     2 ||     3

Table legend:
 A = Non-vault XP
 B = Vault XP
 C = Vault XP percentage of total XP
 D = Non-vault monster count
 E = Vault monster count
 F = Vault count percentage of total count
                 A         B        C        D         E       F
            +---------+---------+-------+---------+---------+-------
      Total |    7277 |    2259 |  23.7 |     195 |      14 |   6.7
            +---------+---------+-------+---------+---------+-------
        D:1 |      26 |       0 |   0.0 |      18 |       0 |   0.0
        D:2 |     124 |      33 |  21.0 |      21 |       1 |   4.5
        D:3 |     251 |       2 |   0.8 |      21 |       1 |   4.5
        D:4 |     600 |       0 |   0.0 |      27 |       0 |   0.0
        D:5 |     690 |     307 |  30.8 |      14 |       2 |  12.5
        D:6 |    1050 |      16 |   1.5 |      15 |       1 |   6.2
        D:7 |    1322 |     635 |  32.4 |      32 |       4 |  11.1
        D:8 |    1077 |       0 |   0.0 |      28 |       0 |   0.0
        D:9 |    1106 |    1266 |  53.4 |      17 |       5 |  22.7
     Lair:1 |    1031 |       0 |   0.0 |       2 |       0 |   0.0
            +---------+---------+-------+---------+---------+-------
